 Dungeon Crawl Stone Soup version 0.28.0-47-ge53b351184 (webtiles) character file.

Game seed: 8396368412803352835

569 Iusername the Covered (level 7, 0/62 HPs)
             Began as a Minotaur Fighter on May 6, 2022.
             Slain by a wyvern zombie (3 damage)
             ... on level 5 of the Dungeon.
             The game lasted 00:04:54 (4667 turns).

Iusername the Covered (Minotaur Fighter)            Turns: 4667, Time: 00:04:55

Health: 0/62       AC: 13    Str: 22    XL:     7   Next: 11%
Magic:  6/6        EV:  6    Int:  5    God:
Gold:   220        SH:  4    Dex:  8    Spells: 6/6 levels left

rFire   . . .      SeeInvis .   r - +3 trident
rCold   . . .      Faith    .   c - +0 buckler
rNeg    . . .      Spirit   .   n - +0 plate armour
rPois   .          Reflect  .   (helmet restricted)
rElec   .          Harm     .   (no cloak)
rCorr   .          Rampage  .   i - +0 pair of gloves
Will    .....                   (no boots)
Stlth   ..........              (no amulet)
HPRegen 0.20/turn               (no ring)
MPRegen 0.10/turn               (no ring)

@: lethally poisoned (0 -> -9), attractive
A: horns 2, retaliatory headbutt, clumsy 1, subdued magic 1
a: no special abilities


You were on level 5 of the Dungeon.
You visited 1 branch of the dungeon, and saw 5 of its levels.

You collected 220 gold pieces.

Inventory:

Hand Weapons
 r - a +3 trident (weapon)
Armour
 b - a +0 scale mail
 c - a +0 buckler (worn)
 i - a +0 pair of gloves (worn)
 n - a +0 plate armour (worn)
Jewellery
 k - a ring of magical power
 l - a ring of wizardry
 s - a ring of flight
Wands
 a - a wand of polymorph (4)
Scrolls
 d - a scroll of blinking {unknown}
 e - a scroll of silence {unknown}
 f - 3 scrolls of identify {unknown}
 g - 2 scrolls of enchant armour {unknown}
 h - a scroll of fear {unknown}
 m - a scroll of teleportation {unknown}
 p - a scroll of enchant weapon {unknown}
Potions
 j - a potion of resistance {unknown}
 t - a potion of degeneration {unknown}


   Skills:
 + Level 5.8 Fighting
 + Level 5.1 Axes
 + Level 5.8 Armour
 + Level 5.8 Shields


You had 6 spell levels left.
You didn't know any spells.
Your spell library contained the following spells:

 Spells                   Type           Power      Damage    Failure   Level
 Static Discharge         Conj/Air       0%         N/A       100%        2
 Dispel Undead            Necr           0%         3d6       100%        4
 Sticky Flame             Conj/Fire      0%         2d3       100%        4


Dungeon Overview and Level Annotations

Branches:
Dungeon (5/15)
 Temple: D:4-7

Altars:


Innate Abilities, Weirdness & Mutations

You have a pair of horns on your head.
You reflexively headbutt those who attack you in melee.
You are clumsy. (Dex -2)
Your spells are a little easier to cast, but a little less powerful.


Message History

The water moccasin bites you but does no damage.
You barely miss the water moccasin.
The water moccasin is severely wounded.
You feel very sick. The water moccasin barely misses you.
You block the water moccasin's attack.
You completely miss the water moccasin.
Your headbutt misses the water moccasin.
The water moccasin is severely wounded.
You feel very sick.
The water moccasin bites you but does no damage. x2
You hit the water moccasin.
The water moccasin is almost dead.
You feel very sick. You block the water moccasin's attack.
You hit the water moccasin.
Your headbutt misses the water moccasin.
The water moccasin is almost dead.
You feel sick.
The water moccasin completely misses you.
The water moccasin bites you.
* * * LOW HITPOINT WARNING * * *
You are lethally poisoned!
The water moccasin poisons you!
You closely miss the water moccasin. You headbutt the water moccasin.
The water moccasin is almost dead.
* * * LOW HITPOINT WARNING * * *
You feel very sick.
The water moccasin bites you but does no damage.
You hit the water moccasin.
You kill the water moccasin!
* * * LOW HITPOINT WARNING * * *
You feel very sick.
Your Axes skill increases to level 5!
You have reached level 7!
It was a potion of mutation.
You feel extremely strange.
Your connection to magic feels subdued.
You feel clumsy.
* * * LOW HITPOINT WARNING * * *
You feel very sick. The wyvern zombie bites you.
You die...

..# .# .. .#
#.# .. ##..##.
..... ####
#..###....#
#####.........
#.....@#
#.##.#Z#
#####.##.#..#
#.....##.#....
#.######.##..##
#.# #.. ...
#####.# ...
.... #.....#
... ....#
#.##### ..).


You could see a wyvern zombie.

Vanquished Creatures
  A water moccasin (D:5)
  An ogre (D:4)
  A bullfrog (D:3)
  A hound (D:3)
  A centaur skeleton (D:4)
  An iguana (D:4)
  Natasha (twice) (D:2)
  An orc wizard (D:4)
  5 adders
  A shadow imp (D:3)
  2 dart slugs
  7 orcs
  8 ball pythons
  5 bats
  4 endoplasms
  4 giant cockroaches
  8 goblins
  8 hobgoblins
  3 jackals (D:4)
  10 kobolds
  5 quokkas
  4 frilled lizards
  8 rats
91 creatures vanquished.

Vanquished Creatures (others)
  6 plants (D:3)
6 creatures vanquished.

Grand Total: 97 creatures vanquished

Notes
Turn   | Place    | Note
-------+----------+-------------------------------------------
     0 | D:1      | Iusername the Minotaur Fighter began the quest for the Orb.
     0 | D:1      | Reached XP level 1. HP: 19/19 MP: 0/0
   864 | D:1      | Reached XP level 2. HP: 21/27 MP: 1/1
  1308 | D:1      | Reached XP level 3. HP: 26/33 MP: 2/2
  1740 | D:2      | Noticed Natasha
  1746 | D:2      | Killed Natasha
  1747 | D:2      | Reached XP level 4. HP: 25/41 MP: 3/3
  2060 | D:2      | Noticed Natasha
  2073 | D:2      | Killed Natasha
  2701 | D:3      | Noticed a bullfrog
  2711 | D:3      | Killed a bullfrog
  2712 | D:3      | Reached XP level 5. HP: 21/47 MP: 4/4
  3109 | D:3      | Reached skill level 5 in Fighting
  3109 | D:3      | Reached skill level 5 in Armour
  3109 | D:3      | Reached skill level 5 in Shields
  3767 | D:3      | Reached XP level 6. HP: 56/56 MP: 5/5
  4605 | D:5      | Entered Level 5 of the Dungeon
  4643 | D:5      | Noticed a water moccasin
  4666 | D:5      | Killed a water moccasin
  4667 | D:5      | Reached skill level 5 in Axes
  4667 | D:5      | Reached XP level 7. HP: 6/62 MP: 6/6
  4667 | D:5      | Gained mutation: Your spells are a little easier to cast,
                  | but a little less powerful. [potion of mutation]
  4667 | D:5      | Gained mutation: You are clumsy. (Dex -2) [potion of
                  | mutation]
  4667 | D:5      | HP: 3/62 [poisoned by a water moccasin]
  4667 | D:5      | Slain by a wyvern zombie

Illustrated notes

Levels and vault maps discovered:
D:1:      minmay_arrival_widening_spiral_wide, layout_basic,
          grunt_decor_arrowhead
D:2:      layout_basic, minmay_misc_feat_tiny, uniq_natasha
D:3:      layout_basic, serial_forest, infiniplex_forest_lined_4_way,
          infiniplex_forest_zigzag_2, infiniplex_forest_pool,
          infiniplex_forest_fountain, infiniplex_forest_clump_long,
          infiniplex_forest_straight_3, interstate_on_off, st_stairs_4,
          nicolae_concentric_dashed_squares_mild
D:4:      layout_cave_pools
D:5:      layout_basic, old_standard_altar

Skill      XL: |  1  2  3  4  5  6 |
---------------+-------------------+-----
Armour         | 4 5 |  5.8
Fighting       | 4 5 |  5.8
Shields        | 4 5 |  5.8
Axes           | 3 4 5 |  5.1

Action                   |  1- 3 |  4- 6 |  7- 9 || total
-------------------------+-------+-------+-------++-------
Melee: War axe           |    70 |   100 |       ||   170
       Headbutt          |     9 |    18 |       ||    27
       Trident           |       |    59 |       ||    59
  Use: Potion            |       |     2 |     1 ||     3
Armor: Scale mail        |    45 |     8 |       ||    53
       Plate armour      |       |   102 |       ||   102
Dodge: Dodged            |    35 |    57 |       ||    92
Block: Buckler           |    11 |    38 |       ||    49
